 Dungeon Crawl Stone Soup version 0.31-a0-986-g5e6e4ef867 (webtiles) character file.

Game seed: 16446176378121893722

1096 Dittersdorf the Covered (level 8, 0/63 HPs)
             Began as a Human Fighter on Nov 7, 2023.
             Slain by an orc warrior
             ... wielding a +1 scimitar of holy wrath
              (16 damage)
             ... on level 4 of the Dungeon.
             The game lasted 00:05:51 (5332 turns).

Dittersdorf the Covered (Human Fighter)             Turns: 5332, Time: 00:05:52

Health: 0/63       AC: 10    Str: 23    XL:     8   Next: 57%
Magic:  8/8        EV: 10    Int:  4    God:
Gold:   288        SH:  5    Dex:  9    Spells: 7/7 levels left

rFire   + + +        a - +0 long sword
rCold   . . .        c - +0 buckler
rNeg    + + .        v - +2 leather armour of Himimu Kiga {rPois Dex-3 Slay+3}
rPois   +            h - +0 helmet
rElec   .            t - +0 cloak
rCorr   .            q - +1 pair of gloves of Jioriano {rF+++ rN+ Str+4 Int-5}
SInv    .            (no boots)
Will    .....        (no amulet)
Stlth   +            b - ring of positive energy
HPRegen 0.30/turn    (no ring)
MPRegen 0.11/turn

%: no passive effects
@: no status effects
A: no striking features
a: no special abilities


You were on level 4 of the Dungeon.
You visited 1 branch of the dungeon, and saw 6 of its levels.

You collected 288 gold pieces.

Inventory:

Hand Weapons
 a - a +0 long sword (weapon)
Armour
 c - a +0 buckler (worn)
 h - a +0 helmet (worn)
 q - the +1 pair of gloves of Jioriano (worn) {rF+++ rN+ Str+4 Int-5}
   (You found it on level 5 of the Dungeon)

   Str+4:     It affects your strength (+4).
   Int-5:     It affects your intelligence (-5).
   rF+++:     It renders you almost immune to fire.
   rN+:       It protects you from negative energy.
 t - a +0 cloak (worn)
 v - the +2 leather armour of Himimu Kiga (worn) {rPois Dex-3 Slay+3}
   (You found it on level 4 of the Dungeon)

   Dex-3:     It affects your dexterity (-3).
   Slay+3:    It affects your accuracy & damage with ranged weapons and melee
   (+3).
   rPois:     It protects you from poison
 y - a +0 chain mail
Jewellery
 b - a ring of positive energy (left hand)
Wands
 w - a wand of flame (9) (quivered)
Scrolls
 f - 4 scrolls of fear {unknown}
 g - 4 scrolls of teleportation {unknown}
 i - 3 scrolls of noise {unknown}
 k - a scroll of revelation {unknown}
 p - a scroll of vulnerability {unknown}
 s - a scroll of torment {unknown}
 x - a scroll of enchant weapon {unknown}
Potions
 d - 3 potions of might
 e - a potion of magic {unknown}
 j - a potion of enlightenment
 l - a potion of berserk rage
 m - a potion of mutation {unknown}
 n - a potion of cancellation
 o - a potion of heal wounds
 r - a potion of brilliance
 u - a potion of curing


   Skills:
 + Level 5.5 Fighting
 + Level 5.1 Long Blades
 + Level 5.6 Armour
 + Level 5.6 Shields


You had 7 spell levels left.
You didn't know any spells.
Your spell library contained the following spells:

 Spells                   Type           Power      Damage    Failure   Level
 Magic Dart               Conj           0%         1d3       61%         1
 Necrotise                Necr           0%         1d4       61%         1
 Sting                    Tmut/Pois      0%         1d3       61%         1
 Ensorcelled Hibernation  Hex/Ice        0%         N/A       75%         2
 Passwall                 Tmut/Erth      0%         N/A       75%         2
 Searing Ray              Conj           0%         2d4       75%         2
 Gell's Gravitas          Tloc           0%         N/A       93%         3
 Swiftness                Air            0%         N/A       93%         3
 Teleport Other           Tloc           0%         N/A       93%         3
 Vampiric Draining        Necr           0%         2d6       93%         3
 Fulminant Prism          Conj/Hex       0%         3d5       100%        4
 Agony                    Necr           0%         N/A       100%        5
 Dispersal                Tloc           0%         N/A       100%        6


Dungeon Overview and Level Annotations

Branches:
Dungeon (6/15)
 Temple: D:4-7

Altars:
Ashenzari
Kikubaaqudgha
Sif Muna
Vehumet

Shops:
D:4 =   D:5 (


Message History

The orc warrior is moderately wounded.
The orc warrior hits you but does no damage.
Aiming: Throw Flame
Press: ? - help, Q - select action Shift-Dir - straight line, f/p - orc
Aim: an orc, wielding a +0 flail (68% to hit)
The puff of flame hits the orc warrior but does no damage.
The orc warrior is moderately wounded.
The orc warrior hits you with a +1 scimitar of holy wrath!
Aiming: Throw Flame
Press: ? - help, Q - select action Shift-Dir - straight line, f/p - orc
Aim: an orc, wielding a +0 flail (68% to hit)
The puff of flame hits the orc warrior but does no damage.
The orc warrior is moderately wounded.
The orc warrior hits you but does no damage.
Aiming: Throw Flame
Press: ? - help, Q - select action Shift-Dir - straight line, f/p - orc
Aim: an orc, wielding a +0 flail (68% to hit)
The puff of flame hits the orc warrior!
The orc warrior is severely wounded.
The orc warrior hits you with a +1 scimitar of holy wrath!
You closely miss the orc warrior.
The orc warrior is severely wounded.
The orc warrior hits you but does no damage.
You closely miss the orc warrior.
The orc warrior is heavily wounded.
The orc warrior hits you with a +1 scimitar of holy wrath.
You hit the orc warrior but do no damage.
The orc warrior is heavily wounded.
The orc warrior hits you with a +1 scimitar of holy wrath!
* * * LOW HITPOINT WARNING * * *
You hit the orc warrior.
The orc warrior is severely wounded.
You block the orc warrior's attack.
You closely miss the orc warrior.
The orc warrior is severely wounded.
The orc warrior hits you but does no damage.
You hit the orc warrior but do no damage.
The orc warrior is severely wounded.
The orc warrior hits you with a +1 scimitar of holy wrath!
You die...

##### #.#.# #...# #.#.#
#.#.#### #######.#....#
#.oo@...####.#
###.##########.########
##...o..........##......
#.......##########.#####
#.....#.......## #....##
#.....###......# #....##
##.......#......# #....##
##...##.#.#......####...##
#.........#........##...''


You could see an orc warrior and an orc.

Vanquished Creatures
  Menkaure (D:5)
  2 ogres
  3 scorpions
  3 hounds
  A howler monkey (D:5)
  2 orc priests (D:6)
  A jelly (D:4)
  An orc wizard (D:6)
  Natasha (twice) (D:4)
  2 iguanas
  4 gnolls (D:4)
  3 adders
  A white imp (D:5)
  2 ufetubi (D:5)
  5 worms
  4 dart slugs
  9 orcs (D:4)
  5 ball pythons
  5 endoplasms
  2 giant cockroaches
  7 goblins
  7 hobgoblins
  5 jackals (D:5)
  5 kobolds
  4 quokkas
  3 bats
  3 frilled lizards
  10 rats
102 creatures vanquished.

Vanquished Creatures (collateral kills)
  An ice beast (D:5)
1 creature vanquished.

Vanquished Creatures (others)
  A hound (D:5)
1 creature vanquished.

Grand Total: 104 creatures vanquished

Notes
Turn   | Place    | Note
-------+----------+-------------------------------------------
     0 | D:1      | Dittersdorf the Human Fighter began the quest for the Orb.
     0 | D:1      | Reached XP level 1. HP: 18/18 MP: 1/1
   185 | D:1      | Reached XP level 2. HP: 20/24 MP: 2/2
   379 | D:1      | Found a faded altar of an unknown god.
   439 | D:1      | Reached XP level 3. HP: 29/29 MP: 3/3
  1099 | D:2      | Reached XP level 4. HP: 27/35 MP: 4/4
  1615 | D:3      | Identified the "Qeykhlink"
  1717 | D:3      | Found a broken altar of Ashenzari.
  2177 | D:3      | Found an ancient bone altar of Kikubaaqudgha.
  2177 | D:3      | Found a shimmering blue altar of Sif Muna.
  2186 | D:3      | Found a radiant altar of Vehumet.
  2412 | D:4      | Reached XP level 5. HP: 37/42 MP: 5/5
  2507 | D:4      | You fall into a shaft and drop 1 floor!
  2507 | D:5      | Entered Level 5 of the Dungeon
  2596 | D:5      | Reached XP level 6. HP: 38/48 MP: 6/6
  2680 | D:5      | Identified the +1 pair of gloves of Jioriano {rF+++ rN+
                  | Str+4 Int-5}
  3065 | D:5      | Noticed an ogre
  3096 | D:5      | Noticed an ice beast
  3097 | D:5      | Noticed Menkaure
  3119 | D:5      | Killed an ice beast
  3121 | D:5      | Killed Menkaure
  3122 | D:5      | Reached XP level 7. HP: 10/55 MP: 7/7
  3379 | D:4      | Identified the +2 leather armour of Himimu Kiga {rPois
                  | Dex-3 Slay+3}
  3476 | D:4      | Found Muphe's Jewellery Shoppe.
  3614 | D:4      | Noticed Natasha
  3622 | D:4      | Killed Natasha
  3625 | D:4      | Reached skill level 5 in Armour
  3677 | D:4      | Reached skill level 5 in Fighting
  3677 | D:4      | Reached skill level 5 in Shields
  3789 | D:4      | Reached XP level 8. HP: 61/62 MP: 8/8
  4363 | D:4      | Noticed Natasha
  4376 | D:4      | Killed Natasha
  4729 | D:5      | Found Mutsiy's Weapon Shoppe.
  5149 | D:6      | Reached skill level 5 in Long Blades
  5332 | D:4      | Slain by an orc warrior

Illustrated notes

Levels and vault maps discovered:
D:1:      wander_arrival_chamber, layout_loops_corners,
          dreamdust_ecumenical_altar_hidden_monk_grotto
D:2:      layout_basic
D:3:      layout_loops_ring, grunt_temple_overflow_magic_moments,
          mainiacjoe_overflow_cross_hatched, nicolae_elevator_lobby_asterisk
D:4:      layout_basic, minmay_misc_feat_tower, minmay_shop_enchanted_jewellery,
          uniq_natasha
D:5:      layout_layer_cave, serial_shops, shop_coins, uniq_menkaure
D:6:      layout_cave_pools, nemelex_spade_bored_becter, serial_shops, shop,
          st_stairs_4, uniq_prince_ribbit1, uniq_edmund

Skill      XL: |  1  2  3  4  5  6  7  8 |
---------------+-------------------------+-----
Long Blades    | 3 4 5 |  5.1
Fighting       | 4 5 |  5.5
Armour         | 4 5 |  5.6
Shields        | 4 5 |  5.6

Action                     |  1- 3 |  4- 6 |  7- 9 || total
---------------------------+-------+-------+-------++-------
  Melee: Long sword        |    97 |   141 |   172 ||   410
  Evoke: Wand              |       |     5 |    10 ||    15
    Use: Scroll            |       |       |     7 ||     7
 Armour: Scale mail        |    82 |   106 |    18 ||   206
         Leather armour    |       |       |   108 ||   108
  Dodge: Dodged            |    38 |    77 |    96 ||   211
  Block: Buckler           |    14 |    37 |    45 ||    96

Table legend: (Time is in decaauts)
 A = Elapsed time spent in this place.
 B = Non-inter-level travel time spent in this place.
 C = Inter-level travel time spent in this place.
 D = Time resting spent in this place.
 E = Time spent auto-exploring this place.
 F = Levels seen in this place.
 G = Mean time per level.
                   A        B        C        D        E       F      G
               +--------+--------+--------+--------+--------+-----+--------+
         Total |   5443 |   5268 |    175 |    489 |   3704 |   6 |  907.2 |
       Dungeon |   5443 |   5268 |    175 |    489 |   3704 |   6 |  907.2 |
               +--------+--------+--------+--------+--------+-----+--------+

Top non-repeatable levels by time:
     D:4: 1518 daAuts
     D:5: 1425 daAuts
     D:1: 969 daAuts
     D:3: 810 daAuts
     D:2: 685 daAuts
     D:6: 33 daAuts
